 Dungeon Crawl Stone Soup version 0.30-a0-457-g4b7bca3bfa (webtiles) character file.

Game seed: 3659313486650034304

4248 magipi the Chopper (level 10, -1/88 HPs)
             Began as a Gargoyle Berserker on Dec 12, 2022.
             Was a High Priest of Trog.
             Slain by an unseen horror (3 damage)
             ... on level 9 of the Dungeon.
             The game lasted 00:26:47 (4948 turns).

magipi the Chopper (Gargoyle Berserker)             Turns: 4948, Time: 00:26:48

Health: -1/88      AC: 16    Str: 20    XL:     10   Next: 31%
Magic:  10/10      EV: 11    Int:  9    God:    Trog [*****.]
Gold:   443        SH:  8    Dex: 13    Spells: 9/9 levels left

rFire   . . .      SeeInvis .    b - +0 broad axe (elec)
rCold   . . .      Faith    .    r - +0 kite shield
rNeg    + . .      Spirit   .    C - +0 chain mail
rPois   ∞          Reflect  .    e - +0 helmet
rElec   +          Harm     .    j - +1 cloak
rCorr   .          Rampage  .    (no gloves)
Will    .....                    (no boots)
Stlth   ..........               (no amulet)
HPRegen 0.34/turn                o - +4 ring of protection
MPRegen 0.12/turn                v - +4 ring of evasion

@: berserking (expiring), corroded, studying Ranged Weapons, very quick
A: sickness immunity, AC +7, negative energy resistance 1, electricity
resistance, torment resistance 1, petrification resistance
a: Renounce Religion, Berserk, Trog's Hand, Brothers in Arms


You were on level 9 of the Dungeon.
You worshipped Trog.
Trog was extremely pleased with you.
You visited 1 branch of the dungeon, and saw 9 of its levels.

You collected 443 gold pieces.

Inventory:

Hand Weapons
 a - a +2 vorpal morningstar
   (You found it on level 6 of the Dungeon)
 b - a +0 broad axe of electrocution (weapon)
   (You found it on level 4 of the Dungeon)
Missiles
 g - 6 throwing nets (quivered)
 x - a curare-tipped dart
Armour
 e - a +0 helmet (worn)
   (You found it on level 1 of the Dungeon)
 j - a +1 cloak (worn)
   (You found it on level 2 of the Dungeon)
 r - a +0 kite shield (worn)
   (You took it off a hobgoblin on level 4 of the Dungeon)
 C - a +0 chain mail (worn)
   (You found it on level 5 of the Dungeon)
Jewellery
 c - a ring of protection from cold
   (You found it on level 5 of the Dungeon)
 f - a ring of protection from fire
   (You found it on level 5 of the Dungeon)
 o - a +4 ring of protection (left hand)
   (You found it on level 8 of the Dungeon)
 v - a +4 ring of evasion (right hand)
   (You took it off a kobold on level 4 of the Dungeon)
Wands
 d - a wand of digging (3)
   (You found it on level 6 of the Dungeon)
 y - a wand of polymorph (9)
   (You found it on level 8 of the Dungeon)
 E - a wand of paralysis (8)
   (You found it on level 6 of the Dungeon)
Scrolls
 m - a scroll of fear
 n - 4 scrolls of teleportation
 p - 2 scrolls of amnesia
 t - a scroll of immolation
 u - 2 scrolls of noise
 z - a scroll of silence
Potions
 h - 2 potions of ambrosia
 i - 3 potions of curing {unknown}
 k - 2 potions of attraction {unknown}
 l - 2 potions of berserk rage {unknown}
 q - 3 potions of flight {unknown}
 s - 2 potions of brilliance {unknown}
 w - a potion of invisibility
 A - 2 potions of heal wounds
 B - a potion of lignification {unknown}
 D - 4 potions of mutation {unknown}
 G - a potion of might


   Skills:
 - Level 5.5 Fighting
 * Level 7.7(8.4) Axes
 - Level 5.4(7.7) Maces & Flails
 + Level 5.3 Throwing
 - Level 4.8 Armour
 - Level 3.7 Dodging
 - Level 2.3 Shields
 + Level 4.8 Evocations


You had 9 spell levels left.
You didn't know any spells.
Your spell library contained the following spells:

 Spells                   Type           Power      Damage    Failure   Level
 Beastly Appendage        Tmut           0%         N/A       100%        1
 Sting                    Tmut/Pois      0%         1d3       100%        1
 Poisonous Vapours        Pois/Air       0%         N/A       100%        2
 Wereblood                Tmut           0%         N/A       100%        2
 Spider Form              Tmut/Pois      0%         N/A       100%        3
 Vhi's Electric Charge    Tloc/Air       0%         N/A       100%        3
 Olgreb's Toxic Radiance  Pois           0%         N/A       100%        4
 Arcjolt                  Conj/Air       0%         1d10      100%        5
 Fireball                 Conj/Fire      0%         3d3       100%        5
 Iskenderun's Battlesphe  Conj           0%         2d6       100%        5
 Conjure Ball Lightning   Conj/Air       0%         3x3d6     100%        6
 Orb of Destruction       Conj           0%         9d5       100%        7
 Maxwell's Capacitive Co  Air            0%         ∞         100%        8


Dungeon Overview and Level Annotations

Branches:
Dungeon (9/15)             Temple (0/1) D:7
   Lair: D:8-11         Orc: D:9-12

Altars:
Dithmenos
Elyvilon
Makhleb
Trog
Uskayaw
Vehumet
Yredelemnul
Zin

Shops:
D:3 =   D:7 [


Innate Abilities, Weirdness & Mutations

You are immune to sickness and miasma.
Your stone body is resilient. (AC +7)
You are immune to poison.
You resist negative energy. (rN+)
You are resistant to electric shocks. (rElec)
You are resistant to unholy torment.
You are immune to petrification.


Message History

Found a stone staircase leading up.
Psyche the Insane Magess comes into view.
She is wielding a +1 dagger of chaos.
Psyche shouts!
Psyche enters a dispersal trap!
You blink.
Found a stone staircase leading down.
Psyche blinks!
There is a stone staircase leading up here.
Psyche casts a spell.
A swirling arc of seething chaos appears!
The arc of chaos hits you!
You feel very mighty all of a sudden.
Unknown command.
Unknown command.
Unknown command.
Press: ? - help, v - describe, . - travel
Here: Psyche, wielding a +1 dagger of chaos and wearing a +0 robe The floor.
Unknown command.
You slash Psyche!
Psyche is moderately wounded.
Psyche closely misses you. Psyche barely misses you.
You barely miss Psyche.
Psyche is moderately wounded.
Psyche hits you but does no damage.
You slice Psyche!!
Psyche is almost dead.
Psyche casts a spell.
Psyche flickers and vanishes!
Deactivating autopickup; reactivate with Ctrl-A.
Something hits you but does no damage.
You slash something! Trog accepts your kill.
Trog appreciates your killing of a magic user.
Reactivating autopickup.
You feel a bit more experienced.
Things that are here:
a +1 dagger of chaos; a +0 robe; the human corpse of Psyche Something hits you but does no damage.
Deactivating autopickup; reactivate with Ctrl-A.
You barely miss something. Something hits you but does no damage.
Something hits you.
An acid dragon comes into view.
The acid dragon roars!
Something hits you but does no damage.
You feel a little less mighty now.
Something hits you but does no damage. x2
The acid dragon spits acid at you.
The splash of acid hits you but does no damage.
You hit the acid dragon but do no damage.
You block something's attack. x2; The acid dragon barely misses you.
You block the acid dragon's attack. Something hits you but does no damage.
The acid dragon barely misses you. The acid dragon closely misses you.
You closely miss the acid dragon. You hit something.
Lightning courses through something!
Something hits you but does no damage. x3
The acid dragon bites you but does no damage.
The acid dragon claws you but does no damage.
You slash the acid dragon!
The acid dragon is heavily wounded.
You closely miss something. Something hits you but does no damage.
Something hits you. The acid dragon spits acid at you.
The splash of acid hits you!! The acid corrodes you! Something hits you!
You closely miss the acid dragon.
The acid dragon is heavily wounded.
You hit something. Something hits you but does no damage.
You block something's attack.
The acid dragon bites you but does no damage.
The acid dragon claws you but does no damage.
You block something's attack. The acid dragon closely misses you.
The acid dragon claws you but does no damage.
Unknown command.
A red film seems to cover your vision as you go berserk!
You feel yourself moving faster!
You feel mighty! Something hits you. Something hits you but does no damage.
You block the acid dragon's attack. The acid dragon barely misses you.
You slash the acid dragon!
The acid dragon is severely wounded.
You barely miss something. Something hits you but does no damage.
The acid dragon spits acid at you. The splash of acid hits you!
* * * LOW HITPOINT WARNING * * *
The acid corrodes you!
You slash the acid dragon!
You kill the acid dragon!
Trog accepts your kill.
Unknown command.
You barely miss something. Something hits you but does no damage.
Something completely misses you.
You slash something! Something barely misses you.
You miss something. Something hits you.
* * * LOW HITPOINT WARNING * * *
Something hits you but does no damage. x2
Unknown command.
You barely miss something. Something hits you!
* * * LOW HITPOINT WARNING * * *
Unknown command.
Something hits you.
* * * LOW HITPOINT WARNING * * *
Unknown command.
Something hits you.
You die...

#.##..........
#....#.#.######
#######.........
..........######
.######.#####
#.........#
#.#######.# #.#
#@# #.# #.# #.#
#.# ..# ... ####


There were no monsters in sight!

Vanquished Creatures
  Pikel (D:6)
  Psyche (D:9)
  A hornet (D:8)
  Sigmund (D:6)
  A wyvern (D:7)
  Edmund (D:6)
  An acid dragon (D:9)
  A water moccasin (D:8)
  2 sky beasts
  An orc warrior (D:7)
  4 black bears
  2 ogres
  3 centaurs
  2 lemures (D:6)
  2 kobold brigands
  2 bullfrogs
  3 necrophages
  A gnoll sergeant (D:8)
  A scorpion (D:5)
  2 howler monkeys (D:4)
  A quasit (D:6)
  4 hounds
  A jelly (D:5)
  4 orc priests
  3 iguanas
  2 orc wizards
  Robin (D:3)
  15 gnolls
  13 adders
  7 shadow imps
  4 white imps (D:6)
  5 ufetubi
  7 worms
  3 dart slugs
  25 orcs
  8 bats
  7 endoplasms
  6 giant cockroaches
  13 goblins
  13 hobgoblins
  8 jackals
  2 quokkas (D:3)
  7 ball pythons
  3 frilled lizards
  19 kobolds
  5 rats
219 creatures vanquished.

Vanquished Creatures (others)
  5 demonic plants (D:6)
5 creatures vanquished.

Grand Total: 224 creatures vanquished

Notes
Turn   | Place    | Note
-------+----------+-------------------------------------------
     0 | D:1      | magipi the Gargoyle Berserker began the quest for the Orb.
     0 | D:1      | Reached XP level 1. HP: 14/14 MP: 1/1
    80 | D:1      | Reached XP level 2. HP: 6/19 MP: 2/2
   242 | D:1      | Reached ** piety under Trog
   243 | D:1      | Reached XP level 3. HP: 23/23 MP: 3/3
   507 | D:2      | Reached XP level 4. HP: 20/29 MP: 4/4
   621 | D:2      | Found a bloodstained altar of Trog.
   930 | D:3      | Reached XP level 5. HP: 33/33 MP: 5/5
  1029 | D:3      | Found Pavvet's Jewellery Boutique.
  1095 | D:3      | Reached *** piety under Trog
  1148 | D:3      | Noticed Robin
  1162 | D:3      | Killed Robin
  1501 | D:4      | Reached XP level 6. HP: 31/38 MP: 6/6
  1558 | D:4      | Reached skill level 5 in Maces & Flails
  1747 | D:4      | Noticed a black bear
  1760 | D:4      | Killed a black bear
  1761 | D:4      | Reached XP level 7. HP: 44/44 MP: 7/7
  2057 | D:5      | Entered Level 5 of the Dungeon
  2088 | D:5      | Reached skill level 1 in Throwing
  2141 | D:5      | Reached skill level 1 in Axes
  2145 | D:5      | Reached **** piety under Trog
  2150 | D:5      | Reached skill level 5 in Fighting
  2150 | D:5      | Reached skill level 1 in Shields
  2460 | D:5      | Reached skill level 2 in Axes
  2464 | D:5      | Reached XP level 8. HP: 44/49 MP: 8/8
  2608 | D:5      | Noticed a moth of wrath
  2611 | D:5      | Found a bloodstained altar of Trog.
  2905 | D:6      | Reached skill level 3 in Axes
  2935 | D:6      | Reached skill level 1 in Evocations
  3109 | D:6      | Noticed Edmund
  3131 | D:6      | Reached skill level 4 in Axes
  3137 | D:6      | Killed Edmund
  3235 | D:6      | Reached XP level 9. HP: 54/54 MP: 9/9
  3237 | D:6      | Noticed Sigmund
  3250 | D:6      | Killed Sigmund
  3268 | D:6      | Reached skill level 5 in Axes
  3284 | D:6      | Noticed Pikel
  3312 | D:6      | Killed Pikel
  3517 | D:6      | Found a white marble altar of Elyvilon.
  3670 | D:7      | Found a glowing silver altar of Zin.
  3692 | D:7      | Reached skill level 6 in Axes
  3759 | D:7      | Found Umuqawuw's Antique Armour Shoppe.
  3839 | D:7      | Found a large runed translucent door.
  3840 | D:7      | Found a large runed translucent door.
  3871 | D:7      | Reached ***** piety under Trog
  4043 | D:7      | Found a radiant altar of Vehumet.
  4046 | D:7      | Found a basalt altar of Yredelemnul.
  4091 | D:7      | Found a staircase to the Ecumenical Temple.
  4167 | D:7      | Found a shadowy altar of Dithmenos.
  4168 | D:7      | Found a hide-covered altar of Uskayaw.
  4375 | D:8      | Reached XP level 10. HP: 55/59 MP: 10/10
  4493 | D:8      | Reached skill level 7 in Axes
  4493 | D:8      | Reached skill level 5 in Throwing
  4843 | D:8      | Found a burning altar of Makhleb.
  4884 | D:9      | Noticed Psyche
  4889 | D:9      | Killed Psyche
  4947 | D:9      | HP: 2/88 [something (5)]
  4948 | D:9      | Slain by an unseen horror

Illustrated notes

Levels and vault maps discovered:
D:1:      kennysheep_arrival_seaside, layout_basic, serial_forest,
          infiniplex_forest_corner_2, infiniplex_forest_clump_tiny,
          infiniplex_forest_lined_2, infiniplex_forest_end_2,
          infiniplex_forest_lined_2
D:2:      layout_rooms, basic_altar
D:3:      layout_basic, serial_shops, nicolae_shop_hallway_plus, uniq_robin
D:4:      layout_basic, minmay_bent
D:5:      layout_basic, tgw_trog
D:6:      layout_basic, general_overflow_altar, serial_demonic,
          serial_demonic_f, serial_demonic_d, serial_demonic_c,
          serial_demonic_a, serial_demonic_b, serial_demonic_c,
          serial_demonic_c, nrook_loot_triangle, uniq_sigmund, uniq_pikel,
          uniq_edmund
D:7:      layout_loops_cross, nicolae_tso_swordbearing_angel,
          jmf_multi_god_temple2, grunt_temple_overflow_open,
          minmay_temple_entry_slanted, serial_shops, nicolae_shop_hallway_stairs
D:8:      layout_basic, kennysheep_mini_moat
D:9:      layout_loops_ring, special_room [special_room_orc], uniq_psyche

Skill      XL: |  1  2  3  4  5  6  7  8  9 10 |
---------------+-------------------------------+-----
Dodging        | 2 3 |  3.7
Maces & Flails | 4 5 |  5.4
Armour         | 3 4 |  4.8
Fighting       | 4 5 |  5.5
Throwing       | 1 3 4 5 |  5.3
Axes           | 2 4 6 7 |  7.7
Shields        | 1 2 |  2.3
Evocations     | 2 4 |  4.8

Action                   |  1- 3 |  4- 6 |  7- 9 | 10-12 || total
-------------------------+-------+-------+-------+-------++-------
Melee: Mace              |    83 |   273 |    12 |       ||   368
       Punch             |     3 |     1 |       |       ||     4
       Broad axe         |       |       |   358 |    75 ||   433
Invok: Berserk           |     2 |     2 |     7 |     2 ||    13
       Trog's Hand       |       |       |     1 |       ||     1
  Use: Scroll            |       |       |    14 |       ||    14
 Stab: Sleeping          |     1 |       |       |       ||     1
Armor: Animal skin       |    39 |    13 |       |       ||    52
       Scale mail        |       |   167 |    59 |       ||   226
       Chain mail        |       |       |   193 |    65 ||   258
Dodge: Dodged            |    69 |   186 |   265 |    40 ||   560
Block: Kite shield       |       |       |   191 |    26 ||   217

Table legend: (Time is in decaauts)
 A = Elapsed time spent in this place.
 B = Non-inter-level travel time spent in this place.
 C = Inter-level travel time spent in this place.
 D = Time resting spent in this place.
 E = Time spent auto-exploring this place.
 F = Levels seen in this place.
 G = Mean time per level.
                   A        B        C        D        E       F      G
               +--------+--------+--------+--------+--------+-----+--------+
         Total |   5333 |   4939 |    394 |    175 |     18 |   9 |  592.6 |
       Dungeon |   5333 |   4939 |    394 |    175 |     18 |   9 |  592.6 |
               +--------+--------+--------+--------+--------+-----+--------+

Top non-repeatable levels by time:
     D:6: 1003 daAuts
     D:5: 802 daAuts
     D:7: 691 daAuts
     D:4: 640 daAuts
     D:3: 580 daAuts
     D:8: 575 daAuts
     D:1: 516 daAuts
     D:2: 453 daAuts
     D:9: 68 daAuts
